NYP
HUDSON VALLEY RENEGADES @ ABERDEEN IRONBIRDS
07/06/2099
 
TOP OF THE 1ST
Hudson Valley Renegades batting - Pitching for Aberdeen Ironbirds : RHP Omar Reyes
Pitching: RHP Omar Reyes
Batting: RHB Kadir bin Afif 0-0: Ball
1-0: Ball
2-0: Foul Ball, location: 5F
2-1: Ball
3-1: Base on Balls
Batting: RHB Evan Morrison 0-0: Ball
Kadir bin Afif is caught stealing 2nd base 2-4
1-0: Foul Ball, location: 3F
1-1: Swinging Strike
1-2: Foul Ball, location: 5FF
1-2: Ball
2-2: Foul Ball, location: 5F
2-2: Ball
3-2: Ground out 4-3 (Groundball, 4, EV 103.1 MPH)
Batting: SHB Leon Munoz 0-0: Called Strike
0-1: Foul Ball, location: 5F
0-2: Ball
1-2: Ground out U3 (Groundball, 3, EV 110.0 MPH)
Top of the 1st over - 0 runs, 0 hits, 0 errors, 0 left on base; Hudson Valley 0 - Aberdeen 0
BOTTOM OF THE 1ST
Aberdeen Ironbirds batting - Pitching for Hudson Valley Renegades : RHP Kelvin Zorrilla
Pitching: RHP Kelvin Zorrilla
Batting: RHB Darius Williams 0-0: Foul Ball, location: 2F
0-1: Ball
1-1: Ball
2-1: Ball
3-1: Ground out 6-3 (Groundball, 56, EV 101.9 MPH)
Batting: RHB John Larsen 0-0: Ball
1-0: Ball
2-0: Called Strike
2-1: Foul Ball, location: 2F
2-2: Strikes out swinging
Batting: RHB Marcus Brown 0-0: Ball
1-0: Ground out 5-3 (Groundball, 56S, EV 85.6 MPH)
Bottom of the 1st over - 0 runs, 0 hits, 0 errors, 0 left on base; Hudson Valley 0 - Aberdeen 0
TOP OF THE 2ND
Hudson Valley Renegades batting - Pitching for Aberdeen Ironbirds : RHP Omar Reyes
Batting: LHB Kyle Gallagher 0-0: Ball
1-0: Ball
2-0: Called Strike
2-1: Ground out 4-3 (Groundball, 4, EV 102.5 MPH)
Batting: LHB Danny Grimstad 0-0: Called Strike
0-1: Foul Ball, location: 2LF
0-2: Ball
1-2: Ball
2-2: Foul Ball, location: 5FF
2-2: Strikes out swinging
Batting: RHB Carlos Aguilar 0-0: Foul Ball, location: 5SF
0-1: Hit by Pitch
Batting: RHB Bobby Schmidt 0-0: Ball
1-0: Called Strike
1-1: Ground out 5-3 (Groundball, 15, EV 88.8 MPH)
Top of the 2nd over - 0 runs, 0 hits, 0 errors, 1 left on base; Hudson Valley 0 - Aberdeen 0
BOTTOM OF THE 2ND
Aberdeen Ironbirds batting - Pitching for Hudson Valley Renegades : RHP Kelvin Zorrilla
Batting: RHB Dylan Elliott 0-0: Ball
1-0: Ball
2-0: Called Strike
2-1: Ground out 4-3 (Groundball, 4, EV 103.1 MPH)
Batting: RHB Ben Mazariego 0-0: Swinging Strike
0-1: Foul Ball, location: 23F
0-2: Ball
1-2: Strikes out swinging
Batting: RHB Greg Payne 0-0: Called Strike
0-1: Foul Ball, location: 2F
0-2: Ball
1-2: Strikes out swinging
Bottom of the 2nd over - 0 runs, 0 hits, 0 errors, 0 left on base; Hudson Valley 0 - Aberdeen 0
TOP OF THE 3RD
Hudson Valley Renegades batting - Pitching for Aberdeen Ironbirds : RHP Omar Reyes
Batting: RHB Mike Anderson 0-0: Called Strike
0-1: Ground out 3-1 (Groundball, 13, EV 85.0 MPH)
Batting: RHB Jeremy LaFleur 0-0: Ball
1-0: Foul Ball, location: 3SF
1-1: Foul Ball, location: 2F
1-2: Foul Ball, location: 9LDF
1-2: Ball
2-2: Ball
3-2: Foul Ball, location: 3F
3-2: Foul Ball, location: 9LMF
3-2: Ground out 5-3 (Groundball, 56S, EV 69.4 MPH)
Batting: RHB Kadir bin Afif 0-0: Called Strike
0-1: SINGLE (Line Drive, 8LS, EV 93.8 MPH)
Batting: RHB Evan Morrison 0-0: Ball
1-0: Ball
2-0: Ground out 5-3 (Groundball, 56S, EV 66.9 MPH)
Top of the 3rd over - 0 runs, 1 hit, 0 errors, 1 left on base; Hudson Valley 0 - Aberdeen 0
BOTTOM OF THE 3RD
Aberdeen Ironbirds batting - Pitching for Hudson Valley Renegades : RHP Kelvin Zorrilla
Batting: RHB Willie Cruz 0-0: Ball
1-0: Ball
2-0: Called Strike
2-1: Ball
3-1: Swinging Strike
3-2: Fly out, F6 (Flyball, 6MD, EV 99.4 MPH)
Batting: LHB Jose Estrada 0-0: Ball
1-0: Ball
2-0: Called Strike
2-1: Foul Ball, location: 5F
2-2: Ball
3-2: Strikes out swinging
Batting: RHB Enrique Castaneda 0-0: Ball
1-0: Ball
2-0: Swinging Strike
2-1: Swinging Strike
2-2: Foul Ball, location: 9LSFF
2-2: Foul Ball, location: 2F
2-2: Ball
3-2: Foul Ball, location: 7LSF
3-2: Strikes out swinging
Bottom of the 3rd over - 0 runs, 0 hits, 0 errors, 0 left on base; Hudson Valley 0 - Aberdeen 0
TOP OF THE 4TH
Hudson Valley Renegades batting - Pitching for Aberdeen Ironbirds : RHP Omar Reyes
Batting: SHB Leon Munoz 0-0: Ball
1-0: Ball
2-0: Called Strike
2-1: Called Strike
2-2: Ball
3-2: Fly out, F6 (Popup, 6, EV 65.0 MPH)
Batting: LHB Kyle Gallagher 0-0: Swinging Strike
0-1: Ball
1-1: Ball
2-1: Swinging Strike
2-2: Ball
3-2: Foul Ball, location: 2F
3-2: Ground out U3 (Groundball, 34, EV 86.9 MPH)
Batting: LHB Danny Grimstad 0-0: Called Strike
0-1: SINGLE (Line Drive, 4MD, EV 107.5 MPH)
Batting: RHB Carlos Aguilar 0-0: Ball
1-0: Ball
2-0: Called Strike
2-1: Swinging Strike
2-2: Foul Ball, location: 5F
2-2: Strikes out looking
Top of the 4th over - 0 runs, 1 hit, 0 errors, 1 left on base; Hudson Valley 0 - Aberdeen 0
BOTTOM OF THE 4TH
Aberdeen Ironbirds batting - Pitching for Hudson Valley Renegades : RHP Kelvin Zorrilla
Batting: RHB Darius Williams 0-0: Ball
1-0: Ball
2-0: Foul Ball, location: 5F
2-1: Foul Ball, location: 9LMF
2-2: Strikes out swinging
Batting: RHB John Larsen 0-0: Ball
1-0: Called Strike
1-1: Ball
2-1: SINGLE (Groundball, P, EV 92.5 MPH) (infield hit)
Batting: RHB Marcus Brown 0-0: Foul Ball, location: 2F
0-1: Ball
1-1: Ball
2-1: Called Strike
2-2: Fly out, F4 (Line Drive, 4, EV 65.0 MPH)
Batting: RHB Dylan Elliott 0-0: Foul Ball, location: 5FF
0-1: Swinging Strike
0-2: Foul Ball, location: 5DF
0-2: Ball
1-2: Ball
2-2: Strikes out swinging
Bottom of the 4th over - 0 runs, 1 hit, 0 errors, 1 left on base; Hudson Valley 0 - Aberdeen 0
TOP OF THE 5TH
Hudson Valley Renegades batting - Pitching for Aberdeen Ironbirds : RHP Omar Reyes
Batting: RHB Bobby Schmidt 0-0: Called Strike
0-1: Swinging Strike
0-2: Strikes out swinging
Batting: RHB Mike Anderson 0-0: Called Strike
0-1: Ball
1-1: Fly out, F8 (Flyball, 8RS, EV 88.8 MPH)
Batting: RHB Jeremy LaFleur 0-0: Ball
1-0: Ball
2-0: Foul Ball, location: 5FF
2-1: Foul Ball, location: 5F
2-2: Ball
3-2: Foul Ball, location: 2F
3-2: SINGLE (Groundball, 34D, EV 101.3 MPH)
Batting: RHB Kadir bin Afif 0-0: Swinging Strike
0-1: Ball
1-1: Ball
2-1: Ball
3-1: Called Strike
3-2: Strikes out swinging
Top of the 5th over - 0 runs, 1 hit, 0 errors, 1 left on base; Hudson Valley 0 - Aberdeen 0
BOTTOM OF THE 5TH
Aberdeen Ironbirds batting - Pitching for Hudson Valley Renegades : RHP Kelvin Zorrilla
Batting: RHB Ben Mazariego 0-0: Swinging Strike
0-1: Foul Ball, location: 2LF
0-2: Ground out 6-3 (Groundball, 6, EV 88.1 MPH)
Batting: RHB Greg Payne 0-0: Ball
1-0: SINGLE (Line Drive, 34, EV 106.9 MPH)
Batting: RHB Willie Cruz 0-0: Called Strike
0-1: Called Strike
0-2: Foul Ball, location: 3FF
0-2: Foul Ball, location: 2F
0-2: Strikes out swinging
Batting: LHB Jose Estrada 0-0: Ball
1-0: Swinging Strike
1-1: Foul Ball, location: 2F
1-2: Hit by Pitch
Greg Payne to second
Batting: RHB Enrique Castaneda 0-0: Swinging Strike
0-1: Foul Ball, location: 7LSF
0-2: Foul Ball, location: 7LSF
0-2: Strikes out swinging
Bottom of the 5th over - 0 runs, 1 hit, 0 errors, 2 left on base; Hudson Valley 0 - Aberdeen 0
TOP OF THE 6TH
Hudson Valley Renegades batting - Pitching for Aberdeen Ironbirds : RHP Omar Reyes
Pitching: LHP Cameron Goodfellow
Batting: RHB Evan Morrison 0-0: Swinging Strike
0-1: SINGLE (Line Drive, 9LM, EV 102.5 MPH)
Batting: SHB Leon Munoz 0-0: Ball
1-0: Ball
2-0: Ball
3-0: Called Strike
3-1: Grounds into double play, 5-4-3 (Groundball, 56, EV 105.6 MPH)
Pinch Hitting: RHB Denzel Gordon 0-0: Ball
1-0: SINGLE (Groundball, 34D, EV 98.8 MPH)
Batting: LHB Danny Grimstad 0-0: Ball
1-0: Ball
2-0: Called Strike
2-1: Foul Ball, location: 7LDF
2-2: SINGLE (Line Drive, 5D, EV 95.6 MPH)
Denzel Gordon to second
Batting: RHB Carlos Aguilar 0-0: Called Strike
0-1: Foul Ball, location: 25F
0-2: Foul Ball, location: 5F
0-2: Ball
1-2: Ball
2-2: Ball
3-2: DOUBLE (Flyball, 8RXD, EV 97.5 MPH)
Denzel Gordon scores
Danny Grimstad to third
Danny Grimstad scores
Batting: RHB Bobby Schmidt 0-0: Ground out 6-3 (Groundball, 6, EV 108.1 MPH)
Top of the 6th over - 2 runs, 4 hits, 0 errors, 1 left on base; Hudson Valley 2 - Aberdeen 0
BOTTOM OF THE 6TH
Aberdeen Ironbirds batting - Pitching for Hudson Valley Renegades : RHP Kelvin Zorrilla
Now in LF: Kadir bin Afif
Now in RF: Kevin Rose
Batting: RHB Darius Williams 0-0: Bunt missed!
0-1: Called Strike
0-2: Ground out 1-3 (Groundball, 13S, EV 68.1 MPH)
Pitching: RHP Tony Salas
Batting: RHB John Larsen 0-0: Foul Ball, location: 3DF
0-1: SINGLE (Line Drive, 89S, EV 89.4 MPH)
Batting: RHB Marcus Brown 0-0: Ball
1-0: Called Strike
1-1: Grounds out, U3 (Groundball, 3L, EV 110.0 MPH)
Batting: RHB Dylan Elliott 0-0: Called Strike
0-1: Ball
1-1: Called Strike
1-2: Strikes out swinging
Bottom of the 6th over - 0 runs, 1 hit, 0 errors, 1 left on base; Hudson Valley 2 - Aberdeen 0
TOP OF THE 7TH
Hudson Valley Renegades batting - Pitching for Aberdeen Ironbirds : LHP Cameron Goodfellow
Batting: RHB Mike Anderson 0-0: Called Strike
0-1: Ball
1-1: Ground out 3-1 (Groundball, 34, EV 100.0 MPH)
Batting: RHB Jeremy LaFleur 0-0: Called Strike
0-1: DOUBLE (Groundball, 5L, EV 103.1 MPH)
Batting: RHB Kadir bin Afif 0-0: Foul Ball, location: 3FF
0-1: Ball
1-1: Ground out 3-1 (Groundball, 34S, EV 78.1 MPH)
Jeremy LaFleur to third
Batting: RHB Evan Morrison 0-0: Ball
1-0: Ground out 1-3 (Groundball, 15, EV 73.1 MPH)
Top of the 7th over - 0 runs, 1 hit, 0 errors, 1 left on base; Hudson Valley 2 - Aberdeen 0
BOTTOM OF THE 7TH
Aberdeen Ironbirds batting - Pitching for Hudson Valley Renegades : RHP Tony Salas
Batting: RHB Ben Mazariego 0-0: SINGLE (Groundball, 4MD, EV 98.8 MPH)
Batting: RHB Greg Payne 0-0: Ball
1-0: Swinging Strike
1-1: Foul Ball, location: 5FF
1-2: Strikes out looking
Batting: RHB Willie Cruz 0-0: SINGLE (Groundball, 6, EV 98.8 MPH)
Ben Mazariego to second
Batting: LHB Jose Estrada 0-0: Swinging Strike
0-1: Swinging Strike
0-2: Ball
1-2: Ball
2-2: Strikes out swinging
Pinch Hitting: RHB Ricardo Cabrera 0-0: Called Strike
0-1: Ball
1-1: Foul Ball, location: 3F
1-2: Ball
2-2: Fielders Choice at 2nd, 6-4 (Groundball, 6, EV 91.9 MPH)
Bottom of the 7th over - 0 runs, 2 hits, 0 errors, 2 left on base; Hudson Valley 2 - Aberdeen 0
TOP OF THE 8TH
Hudson Valley Renegades batting - Pitching for Aberdeen Ironbirds : LHP Cameron Goodfellow
Pitching: LHP Francisco Milhinhos
Now at SS: Rich Cruz
Batting: SHB Leon Munoz 0-0: Ball
1-0: Ball
2-0: Ball
3-0: Called Strike
3-1: Called Strike
3-2: Base on Balls
Batting: RHB Kevin Rose 0-0: Called Strike
0-1: Foul Ball, location: 7LDF
0-2: Ball
1-2: Foul Ball, location: 2F
1-2: TRIPLE (Flyball, 89XD, EV 93.1 MPH)
Leon Munoz scores
Batting: LHB Danny Grimstad 0-0: Called Strike
0-1: Swinging Strike
0-2: Foul Ball, location: 23F
0-2: Ball
1-2: Strikes out swinging
Batting: RHB Carlos Aguilar 0-0: Intentional Walk
Batting: RHB Bobby Schmidt 0-0: Called Strike
0-1: Ball
1-1: Ball
2-1: Swinging Strike
2-2: DOUBLE (Line Drive, 8LXD, EV 105.0 MPH)
Kevin Rose scores
Carlos Aguilar to third
Runner from 3rd tries for Home, SAFE, throw by CF to home
Batting: RHB Mike Anderson 0-0: Called Strike
0-1: Ball
1-1: DOUBLE (Groundball, 5L, EV 96.3 MPH)
Bobby Schmidt scores
Pitching: LHP Carlos Becerra
Batting: RHB Jeremy LaFleur 0-0: Ball
1-0: Foul Ball, location: 23FF
1-1: Foul Ball, location: 2F
1-2: Foul Ball, location: 9LDF
1-2: SINGLE (Groundball, 2R, EV 68.8 MPH) (infield hit)
Mike Anderson to third
Batting: RHB Kadir bin Afif 0-0: Swinging Strike
0-1: Called Strike
0-2: Foul Ball, location: 9LMF
0-2: Foul Ball, location: 25FF
0-2: Strikes out swinging
Batting: RHB Evan Morrison 0-0: Called Strike
Jeremy LaFleur is caught stealing 2nd base 2-4
Top of the 8th over - 4 runs, 4 hits, 0 errors, 1 left on base; Hudson Valley 6 - Aberdeen 0
BOTTOM OF THE 8TH
Aberdeen Ironbirds batting - Pitching for Hudson Valley Renegades : RHP Tony Salas
Batting: RHB Darius Williams 0-0: Called Strike
0-1: Swinging Strike
0-2: Foul Ball, location: 5DF
0-2: Ball
1-2: Strikes out swinging
Batting: RHB John Larsen 0-0: Ground out 1-3 (Groundball, 34S, EV 71.9 MPH)
Batting: RHB Marcus Brown 0-0: Called Strike
0-1: Ball
1-1: Ball
2-1: Foul Ball, location: 9LMF
2-2: Strikes out swinging
Bottom of the 8th over - 0 runs, 0 hits, 0 errors, 0 left on base; Hudson Valley 6 - Aberdeen 0
TOP OF THE 9TH
Hudson Valley Renegades batting - Pitching for Aberdeen Ironbirds : LHP Carlos Becerra
Batting: RHB Evan Morrison 0-0: Fly out, F7 (Flyball, 7, EV 76.9 MPH)
Batting: SHB Leon Munoz 0-0: Called Strike
0-1: Ball
1-1: Foul Ball, location: 5F
1-2: Fly out, F4 (Popup, 23, EV 90.6 MPH)
Pitching: LHP Hector Guera
Batting: RHB Kevin Rose 0-0: Called Strike
0-1: SOLO HOME RUN (Line Drive, 78XD, EV 110.6 MPH), Distance : 437 ft
Batting: LHB Danny Grimstad 0-0: Called Strike
0-1: DOUBLE (Line Drive, 9LS, EV 110.0 MPH)
Batting: RHB Carlos Aguilar 0-0: Called Strike
0-1: Called Strike
0-2: SINGLE (Flyball, 89M, EV 80.0 MPH)
Danny Grimstad to third
Runner from 3rd tries for Home, SAFE, throw by RF to home
Batting: RHB Bobby Schmidt 0-0: Ball
1-0: Called Strike
1-1: Ball
2-1: Foul Ball, location: 5FF
2-2: Strikes out swinging
Top of the 9th over - 2 runs, 3 hits, 0 errors, 1 left on base; Hudson Valley 8 - Aberdeen 0
BOTTOM OF THE 9TH
Aberdeen Ironbirds batting - Pitching for Hudson Valley Renegades : RHP Tony Salas
Batting: RHB Dylan Elliott 0-0: Called Strike
0-1: Ball
1-1: DOUBLE (Line Drive, 7LM, EV 107.5 MPH)
Batting: RHB Ben Mazariego 0-0: Foul Ball, location: 7LMF
0-1: Foul Ball, location: 2F
0-2: Fly out, F7 (Line Drive, 78M, EV 101.3 MPH)
Pinch Hitting: RHB Zack Weidner 0-0: Called Strike
0-1: SINGLE (Line Drive, 4D, EV 110.0 MPH)
Dylan Elliott to third
Pinch Hitting: SHB Juan Cidral 0-0: Ball
1-0: Called Strike
1-1: Ball
2-1: Foul Ball, location: 2F
2-2: Ball
3-2: SINGLE (Line Drive, 9S, EV 106.3 MPH)
Dylan Elliott scores
Zack Weidner to second
Batting: LHB Jose Estrada 0-0: Fly out, F7 (Flyball, 7LM, EV 86.9 MPH)
Batting: RHB Rich Cruz 0-0: Ball
1-0: Foul Ball, location: 2LF
1-1: Ball
2-1: Swinging Strike
2-2: Strikes out swinging
Bottom of the 9th over - 1 run, 3 hits, 0 errors, 2 left on base; Hudson Valley 8 - Aberdeen 1
Saturday, May 11th , 2024 - OOTP Baseball 24.11 Build 85